 Dungeon Crawl Stone Soup version 0.31-a0-672-g7da72447bb (webtiles) character file.

Game seed: 17882104686084313213

216696 gruber the Planerender (level 19, -8/149 HPs)
             Began as a Barachi Summoner on Aug 24, 2023.
             Was an Elder of Sif Muna.
             Shot with an arrow by something (11 damage)
             ... on level 1 of the Elven Halls on Sept 4, 2023.
             The game lasted 01:57:59 (54211 turns).

gruber the Planerender (Barachi Summoner)          Turns: 54211, Time: 01:57:59

Health: -8/149     AC: 18    Str:  8 (11) XL:     19   Next: 6%
Magic:  6/36       EV: 12    Int:  4 (21) God:    Sif Muna [****..]
Gold:   2980       SH:  5    Dex: 10 (14) Spells: 5/44 levels left

rFire   + . .        B - +2 falchion (vamp)
rCold   + + +        z - +0 buckler
rNeg    . . .        y - +2 ring mail {Will+}
rPois   .            h - +0 helmet
rElec   .            l - scarf {rC+ rF+}
rCorr   .            C - +2 pair of gloves
SInv    .            S - +3 pair of mountain boots {steadfast, rC+}
Will    +++..        (no amulet)
Stlth   +            J - ring of protection from cold
HPRegen 0.44/turn    Q - ring of willpower
MPRegen 0.25/turn

%: no passive effects
@: about to teleport, slow
A: amphibious, slowness 1, strong legs 2, +LOS
}: 1/15 runes: gossamer
a: Hop, Renounce Religion, Channel Magic, Forget Spell, Divine Exegesis


You were on level 1 of the Elven Halls.
You worshipped Sif Muna.
Sif Muna was greatly pleased with you.
You visited 7 branches of the dungeon, and saw 31 of its levels.
You also visited: Gauntlet.

You collected 2980 gold pieces.

Inventory:

Hand Weapons
 m - the +11 Singing Sword {sonic wave}
   (You found it in a Gauntlet)
 B - a +2 vampiric falchion (weapon)
Missiles
 o - 5 silver javelins
 s - 38 poisoned darts
 x - 6 throwing nets
 G - 6 curare-tipped darts
Armour
 f - an orb of light
 h - a +0 helmet (worn)
 l - a scarf of resistance (worn)
 y - a +2 ring mail of willpower (worn)
 z - a +0 buckler (worn)
 C - a +2 pair of gloves (worn)
 S - the +3 pair of mountain boots (worn) {steadfast, rC+}
   (You found it on level 4 of the Lair of Beasts)

   Steadfast: It prevents involuntary movement, except for blinking,
   teleportation, or banishment.
   rC+:       It protects you from cold.
Jewellery
 e - a ring of positive energy
 p - an amulet of regeneration
 J - a ring of protection from cold (left hand)
 Q - a ring of willpower (right hand)
 U - a ring of flight
Wands
 g - a wand of flame (84)
 F - a wand of paralysis (23)
 H - a wand of light (3)
 N - a wand of digging (6)
 T - a wand of mindburst (25)
 V - a wand of polymorph (8)
Scrolls
 c - 3 scrolls of revelation {unknown}
 k - 9 scrolls of teleportation
 q - a scroll of silence
 v - 2 scrolls of blinking
 w - 6 scrolls of fear
 D - 4 scrolls of poison
 K - 4 scrolls of noise
 W - 2 scrolls of fog
 X - a scroll of acquirement {unknown}
Potions
 a - 4 potions of attraction
 b - a potion of magic
 d - 13 potions of curing
 i - 9 potions of might
 j - 7 potions of heal wounds
 n - a potion of berserk rage
 r - a potion of enlightenment
 t - 4 potions of haste
 u - a potion of invisibility
 I - 4 potions of brilliance
 L - 2 potions of resistance
 P - a potion of lignification
 Y - a potion of mutation
 Z - 6 potions of ambrosia


   Skills:
 - Level 13.0 Fighting
 - Level 15.3 Long Blades
 - Level 8.4 Armour
 - Level 12.0 Dodging
 - Level 1.7 Stealth
 - Level 5.0 Shields
 * Level 13.4 Spellcasting
 O Level 27 Summonings
 - Level 9.1 Translocations


You had 5 spell levels left.
You knew the following spells:

 Your Spells              Type           Power      Damage    Failure   Level
a - Summon Small Mammal   Summ           96%        N/A       0%          1
b - Call Imp              Summ           48%        N/A       0%          2
c - Call Canine Familiar  Summ           24%        N/A       0%          3
d - Summon Guardian Gole  Hex/Summ       13%        N/A       1%          3
e - Summon Lightning Spi  Summ/Air       13%        N/A       2%          4
f - Summon Cactus Giant   Summ           12%        N/A       1%          6
g - Malign Gateway        Summ/Tloc      8%         N/A       28%         7
h - Summon Horrible Thin  Summ           12%        N/A       5%          8
i - Borgnjor's Vile Clut  Necr/Erth      1%         N/A       100%        5

Your spell library contained the following spells:

 Spells                   Type           Power      Damage    Failure   Level
 Apportation              Tloc           20%        N/A       1%          1
 Blink                    Tloc           20%        N/A       1%          2
 Lesser Beckoning         Tloc           20%        N/A       1%          2
 Summon Forest            Summ/Tloc      8%         N/A       1%          5
 Teleport Other           Tloc           10%        N/A       3%          3
 Summon Mana Viper        Hex/Summ       13%        N/A       6%          5
 Momentum Strike          Conj/Tloc      12%        3d8       13%         2
 Passage of Golubria      Tloc           10%        N/A       13%         4
 Portal Projectile        Hex/Tloc       12%        N/A       26%         3
 Volatile Blastmotes      Fire/Tloc      12%        2d11      26%         3
 Freeze                   Ice            8%         1d3       50%         1
 Magic Dart               Conj           8%         1d3       50%         1
 Necrotise                Necr           8%         1d4       50%         1
 Shock                    Conj/Air       8%         1d3       50%         1
 Slow                     Hex            8%         N/A       50%         1
 Sting                    Tmut/Pois      8%         1d3       50%         1
 Poisonous Vapours        Pois/Air       4%         N/A       63%         2
 Scorch                   Fire           4%         2d5       63%         2
 Iskenderun's Mystic Bla  Conj/Tloc      6%         2d4       63%         4
 Vhi's Electric Charge    Tloc/Air       12%        N/A       63%         4
 Confusing Touch          Hex            2%         N/A       86%         3
 Dazzling Flash           Conj/Hex       4%         N/A       86%         3
 Frozen Ramparts          Ice            4%         1d1       86%         3
 Hailstorm                Conj/Ice       2%         3d3       86%         3
 Ignite Poison            Fire/Tmut/Pois 2%         N/A       86%         3
 Inner Flame              Hex/Fire       2%         N/A       86%         3
 Mephitic Cloud           Conj/Pois/Air  2%         N/A       86%         3
 Ozocubu's Armour         Ice            2%         N/A       86%         3
 Stone Arrow              Conj/Erth      4%         3d7       86%         3
 Swiftness                Air            2%         N/A       86%         3
 Vampiric Draining        Necr           2%         2d6       86%         3
 Airstrike                Air            1%         2d(1-17)  99%         4
 Anguish                  Hex/Necr       1%         N/A       99%         4
 Cause Fear               Hex            1%         N/A       99%         4
 Flame Wave               Conj/Fire      2%         2d4       99%         4
 Leda's Liquefaction      Hex/Erth       1%         N/A       99%         4
 Olgreb's Toxic Radiance  Pois           2%         N/A       99%         4
 Agony                    Necr           2%         N/A       100%        5
 Fireball                 Conj/Fire      1%         3d3       100%        5
 Freezing Cloud           Conj/Ice/Air   1%         6-21      100%        5
 Iskenderun's Battlesphe  Conj           2%         2d6       100%        5
 Lee's Rapid Deconstruct  Erth           1%         3d4*      100%        5
 Metabolic Englaciation   Hex/Ice        1%         N/A       100%        5
 Silence                  Hex/Air        1%         N/A       100%        5
 Yara's Violent Unravell  Hex/Tmut       1%         3d3       100%        5
 Monstrous Menagerie      Summ           12%        N/A       1%          7
 Summon Hydra             Summ           12%        N/A       1%          7
 Dragon's Call            Summ           12%        N/A       65%         9
 Haunt                    Necr/Summ      6%         N/A       88%         7
 Spellforged Servitor     Conj/Summ      6%         N/A       88%         7
 Dispersal                Tloc           5%         N/A       89%         6
 Conjure Ball Lightning   Conj/Air       1%         3x3d6     100%        6
 Eringya's Noxious Bog    Tmut/Pois      1%         4d6       100%        6
 Simulacrum               Ice/Necr       1%         N/A       100%        6
 Enfeeble                 Hex            1%         N/A       100%        7
 Orb of Destruction       Conj           1%         9d5       100%        7
 Ozocubu's Refrigeration  Ice            1%         4d7       100%        7
 Disjunction              Tloc           5%         N/A       100%        8
 Death's Door             Necr           1%         N/A       100%        9


Dungeon Overview and Level Annotations

Branches:
Dungeon (15/15)            Temple (1/1) D:5            Lair (5/5) D:8
 Shoals (2/4) Lair:2       Spider (4/4) Lair:2        Slime (0/5) Lair:4
    Orc (2/2) D:12            Elf (2/3) Orc:2        Vaults (0/5) D:13
 Depths (0/4) D:15        Gauntlet (visited)

Altars:
Ashenzari
Cheibriados
Dithmenos
Elyvilon
Fedhas
Gozag
Hepliaklqana
Kikubaaqudgha
Makhleb
Nemelex Xobeh
Okawaru
Qazlal
Ru
Sif Muna
Trog
Uskayaw
Vehumet
Wu Jian
Xom
Yredelemnul
Zin
The Shining One
Jiyva
Lugonu

Shops:
D:4 =   Orc:2 !!(:   Shoals:1 *

Portals:
Abyss: Lair:5

Annotations:
D:5 2 runed translucent doors


Innate Abilities, Weirdness & Mutations

You are amphibious.
You cover ground slowly.
You can hop long distances.
You have an extended range of vision and can be seen from far away.


Message History

Your large abomination disappears in a puff of smoke!
You hear a shout!
An arrow appears from out of thin air!
The arrow hits your large abomination!!
An arrow appears from out of thin air!
The arrow hits your large abomination!
Your large abomination is destroyed!
Your large abomination disappears in a puff of smoke!
Key pressed, stopping explore.
An arrow appears from out of thin air!
The arrow hits your large abomination!!
An arrow appears from out of thin air!
The arrow hits your large abomination!!
Your large abomination is destroyed!
Your large abomination disappears in a puff of smoke!
An arrow appears from out of thin air!
Deactivating autopickup; reactivate with Ctrl-A.
The arrow hits you.
An arrow appears from out of thin air!
The arrow hits you.
An arrow appears from out of thin air!
The arrow hits you!
* * * LOW HITPOINT WARNING * * *
Casting: Summon Horrible Things (dangerous; 5% risk of failure)
Confirm with . or Enter, or press ? or * to list all spells.
Unknown command.
Unknown command.
Unknown command.
You swap places.
A shard of ice appears from out of thin air!
The shard of ice hits your cactus giant!!
An arrow appears from out of thin air!
The arrow hits your cactus giant!
An arrow appears from out of thin air!
The arrow hits your cactus giant!!
Your cactus giant is destroyed!
Your cactus giant disappears in a puff of smoke!
An arrow appears from out of thin air!
The arrow hits you.
* * * LOW HITPOINT WARNING * * *
An arrow appears from out of thin air!
The arrow hits you!
* * * LOW HITPOINT WARNING * * *
Unknown command.
As you read the scroll of teleportation, it crumbles to dust.
You feel strangely unstable.
An arrow appears from out of thin air!
The arrow hits you!
* * * LOW HITPOINT WARNING * * *
An arrow appears from out of thin air!
The arrow hits you!
You die...

.(....................
#.#
########.#############
.# #.# #.# .# #.# #.#
.# #.# #.# .# #.#
######.# .# #.#
#...##.# .# #.#
#......# ○#
##.#####..@...# °#
##.......§.._..#
.#####...######.....#
§§).....## #.....#
)....X..# ##....#
######..#
#######++####
#..####...........##
#.....'............##
#..####.............##


There were no monsters in sight!

Vanquished Creatures
  Nessos (Lair:3)
  Erolcha (Orc:2)
  A merfolk aquamancer (Shoals:1)
  A demonic crawler (Spider:3)
  4 nameless horrors
  2 thrashing horrors (Lair:5)
  A deep elf knight (Elf:1)
  A sea snake (Shoals:2)
  2 deep elf pyromancers (Elf:1)
  A deep elf zephyrmancer (Elf:1)
  2 fauns (Shoals:2)
  A merfolk siren (Shoals:1)
  A torpor snail (Lair:4)
  A cane toad (Lair:5)
  A merfolk (Shoals:2)
  2 trolls
  A raiju (Lair:5)
  2 tarantellas (Spider:1)
  9 blink frogs
  3 slime creatures
  A wraith (D:11)
  A jumping spider (Spider:4)
  A culicivora (Spider:2)
  5 yaks
  A wyvern (D:10)
  Eustachio (D:6)
  A basilisk (D:15)
  A steam dragon (Lair:1)
  A warg (shapeshifter) (Spider:1)
  2 wargs (Orc:1)
  2 water moccasins (Lair:5)
  A swamp drake (shapeshifter) (D:15)
  2 orc warriors
  A sky beast (D:6)
  An ogre (Orc:1)
  2 wolves
  A centaur (D:6)
  A kobold brigand (D:10)
  4 bullfrogs
  A scorpion (D:4)
  2 howler monkeys
  An electric eel (Spider:2)
  2 orc priests
  2 orc wizards (Orc:1)
  2 hell rats (Lair:4)
  An ufetubus (D:5)
  3 dart slugs
  8 orcs
  5 bats
  3 endoplasms
  2 giant cockroaches
  6 goblins
  A hobgoblin (D:1)
  3 kobolds
  2 ball pythons
  2 rats
114 creatures vanquished.

Vanquished Creatures (collateral kills)
  Asterion (Spider:1)
  Frances (D:13)
  Polyphemus (Shoals:2)
  2 eldritch tentacles
  Gastronok (Lair:3)
  A deep elf sorcerer (Elf:1)
  A deep elf elementalist (Elf:1)
  8 emperor scorpions
  4 ghost moths
  An orc warlord (D:12)
  An ironbound preserver (D:13)
  2 broodmothers (Spider:1)
  4 spark wasps
  4 entropy weavers
  A merfolk javelineer (Shoals:1)
  2 merfolk impalers (Shoals:2)
  3 catoblepae
  8 hydras
  6 centaur warriors
  3 ogre magi
  2 radroaches
  3 jorogumos (Spider:4)
  10 death yaks
  2 death scarabs
  8 nameless horrors
  4 boulder beetles
  4 dancing weapons (Elf:1)
  10 two-headed ogres
  A satyr (Shoals:2)
  2 thrashing horrors (Lair:5)
  Urug (D:13)
  7 demonic crawlers
  An orc high priest (Elf:1)
  Nergalle (Lair:3)
  Sonja (D:13)
  6 sea snakes
  4 skysharks
  2 sun moths (Spider:3)
  7 pharaoh ants
  7 orb spiders
  6 steelbarb worms
  6 harpies
  3 deep elf zephyrmancers (Elf:1)
  7 deep elf pyromancers
  An orc knight (Orc:1)
  30 wolf spiders
  12 orc sorcerers
  2 oklob plants (Lair:4)
  3 ugly things
  4 manticores
  10 fauns
  A moth of wrath (Spider:2)
  2 large abominations (Lair:5)
  3 merfolk sirens
  8 cyclopes
  Maurice (D:9)
  18 elephants
  2 water nymphs (Shoals:2)
  6 black mambas
  A smoke demon (Lair:5)
  2 gargoyles
  6 torpor snails
  14 cane toads
  An unseen horror (D:13)
  7 komodo dragons
  3 kobold demonologists
  2 tengu conjurers (D:14)
  7 meliai
  8 merfolk
  A hornet (D:8)
  6 trolls
  3 wind drakes
  27 tarantellas
  4 polar bears
  4 snapping turtles
  A raiju (Lair:5)
  25 blink frogs
  4 dream sheep
  A spectral black mamba (Gauntlet)
  9 small abominations (Lair:5)
  11 slime creatures
  30 jumping spiders
  An air elemental (Elf:1)
  Sigmund (D:2)
  2 spriggans
  A spriggan (shapeshifter) (Elf:2)
  4 water elementals
  26 culicivoras
  A centaur simulacrum (D:10)
  25 yaks
  3 shadows
  3 wraiths
  4 wyverns
  4 ynoxinuls (Lair:5)
  A human (D:12)
  An unseen horror simulacrum (D:10)
  Grum (D:10)
  8 basilisks
  61 redbacks
  3 vampire mosquitoes (D:11)
  Menkaure (D:6)
  3 swamp worms (Gauntlet)
  2 chaos spawn (Lair:5)
  5 wargs
  2 acid dragons
  13 water moccasins
  19 orc warriors
  5 ice beasts
  A meliai simulacrum (D:14)
  3 black bears
  A sky beast (D:6)
  23 wolves
  8 ogres
  11 centaurs
  5 kobold brigands
  9 bullfrogs
  A gnoll sergeant (D:7)
  A scorpion (D:8)
  6 wights
  4 killer bees (D:8)
  8 electric eels
  6 howler monkeys
  3 jellies
  3 lava snakes (Lair:5)
  2 hounds (D:5)
  14 orc priests
  2 gnoll boudas
  A sleepcap (D:8)
  3 iguanas (D:5)
  30 orc wizards
  Natasha (thrice) (D:3)
  5 hell rats (Lair:5)
  Robin (D:3)
  12 gnolls
  7 adders
  A shadow imp (D:8)
  A howler monkey simulacrum (D:10)
  9 white imps
  3 ufetubi
  A dart slug (D:4)
  74 orcs
  5 endoplasms
  A giant cockroach (D:1)
  8 goblins
  5 hobgoblins
  3 jackals (D:2)
  3 quokkas
  7 ball pythons
  A bat (D:1)
  A frilled lizard (D:2)
  15 kobolds
  3 rats
954 creatures vanquished.

Vanquished Creatures (others)
  54 eldritch tentacles
  Louise (D:15)
  A minotaur (Gauntlet)
  A hydra (D:8)
  3 two-headed ogres
  2 boulder beetles
  A death yak (Lair:5)
  A skyshark (Lair:2)
  A deep elf pyromancer (D:12)
  2 ugly things
  A manticore (Shoals:1)
  An elephant (Lair:4)
  A torpor snail (Lair:4)
  A black mamba (Lair:1)
  2 cane toads (Lair:1)
  Maggie (D:6)
  A gargoyle (D:12)
  A kobold demonologist (D:10)
  A tengu conjurer (D:10)
  A troll (D:9)
  2 meliai (Gauntlet)
  A polar bear (D:10)
  A hornet (D:11)
  A blink frog (Lair:1)
  2 centaur simulacra (D:10)
  A vampire (D:9)
  A wraith (D:9)
  An unseen horror simulacrum (D:10)
  A wyvern (D:8)
  11 yaks
  A redback (Spider:1)
  A steam dragon (D:10)
  2 acid dragons
  2 ice beasts (D:10)
  3 water moccasins (D:8)
  An orc warrior (D:7)
  A centaur (D:8)
  3 wolves
  3 wights
  2 killer bees (D:8)
  A sleepcap (D:6)
  4 orc wizards
  4 orcs
128 creatures vanquished.

Grand Total: 1196 creatures vanquished

Notes
Turn   | Place    | Note
-------+----------+-------------------------------------------
     0 | D:1      | gruber the Barachi Summoner began the quest for the Orb.
     0 | D:1      | Reached XP level 1. HP: 13/13 MP: 3/3
    91 | D:1      | Reached skill level 5 in Summonings
   262 | D:1      | Reached XP level 2. HP: 9/19 MP: 3/5
   653 | D:1      | Reached XP level 3. HP: 24/24 MP: 3/6
   659 | D:1      | Reached skill level 6 in Summonings
   664 | D:1      | Learned a level 2 spell: Call Imp
   668 | D:1      | Learned a level 3 spell: Call Canine Familiar
  1489 | D:2      | Noticed Sigmund
  1500 | D:2      | Killed Sigmund
  1501 | D:2      | Reached skill level 8 in Summonings
  1501 | D:2      | Reached XP level 4. HP: 30/30 MP: 1/7
  1501 | D:2      | Reached XP level 5. HP: 35/35 MP: 1/8
  1700 | D:2      | Reached XP level 6. HP: 36/41 MP: 6/9
  1740 | D:2      | You fall into a shaft and drop 1 floor!
  2195 | D:3      | Noticed Natasha
  2210 | D:3      | Killed Natasha
  2521 | D:3      | Noticed Natasha
  2526 | D:3      | Killed Natasha
  2527 | D:3      | Reached skill level 9 in Summonings
  2594 | D:3      | Found a faded altar of an unknown god.
  2614 | D:3      | Noticed Robin
  2655 | D:3      | Killed Robin
  2824 | D:3      | Noticed Natasha
  2859 | D:3      | Killed Natasha
  3018 | D:3      | Reached XP level 7. HP: 30/46 MP: 3/10
  3269 | D:4      | Reached skill level 10 in Summonings
  3950 | D:4      | Found Ateis's Jewellery Boutique.
  4097 | D:5      | Entered Level 5 of the Dungeon
  4354 | D:5      | Reached skill level 5 in Spellcasting
  4354 | D:5      | Reached XP level 8. HP: 33/52 MP: 7/16
  4723 | D:5      | Learned a level 3 spell: Summon Guardian Golem
  4728 | D:5      | Learned a level 4 spell: Summon Lightning Spire
  4775 | D:5      | Found a runed translucent door.
  4783 | D:5      | Found a runed translucent door.
  4884 | D:5      | Found a staircase to the Ecumenical Temple.
  5018 | Temple   | Entered the Ecumenical Temple
  5102 | D:6      | Noticed Menkaure
  5111 | D:6      | Killed Menkaure
  5112 | D:6      | Reached skill level 5 in Fighting
  5123 | D:6      | Reached skill level 1 in Armour
  5763 | D:6      | Noticed Eustachio
  5793 | D:6      | Killed Eustachio
  5794 | D:6      | Reached skill level 5 in Armour
  5794 | D:6      | Reached XP level 9. HP: 68/68 MP: 6/17
  6223 | D:6      | Noticed Maggie
  6240 | D:6      | Killed Maggie
  7014 | D:7      | Found a blossoming altar of Fedhas.
  7097 | D:7      | Found a shimmering altar of Xom.
  7102 | D:7      | Found a burning altar of Makhleb.
  7108 | D:7      | Found a sacrificial altar of Ru.
  7109 | D:7      | Found a hazy altar of Hepliaklqana.
  7111 | D:7      | Found a shadowy altar of Dithmenos.
  7112 | D:7      | Found a shimmering blue altar of Sif Muna.
  7115 | D:7      | Found a snail-covered altar of Cheibriados.
  7118 | D:7      | Became a worshipper of Sif Muna the Loreminder
  7120 | D:7      | Found an ancient bone altar of Kikubaaqudgha.
  7236 | D:7      | Got Isof Niqunk's Atlas of Malisons and the Bane
  7841 | D:8      | Noticed a hornet
  7849 | D:8      | Killed a hornet
  7850 | D:8      | Reached skill level 5 in Dodging
  8191 | D:8      | Reached XP level 10. HP: 69/74 MP: 8/18
  8607 | D:8      | Reached * piety under Sif Muna
  9229 | D:9      | Noticed a two-headed ogre
  9277 | D:8      | Reached skill level 11 in Summonings
  9579 | D:8      | HP: 3/83 [themself] (16)]
  9907 | D:8      | Noticed a boulder beetle
  9914 | D:8      | Noticed a five-headed hydra
  9929 | D:8      | Killed a boulder beetle
  9930 | D:8      | Reached skill level 12 in Summonings
  9930 | D:8      | Reached XP level 11. HP: 44/89 MP: 7/19
  9931 | D:8      | Killed a five-headed hydra
  9932 | D:8      | Reached skill level 13 in Summonings
  9936 | D:8      | Noticed a red ugly thing
  9975 | D:8      | Killed a red ugly thing
 10240 | D:8      | Found a staircase to the Lair.
 10524 | D:8      | Identified the +2 pair of boots "Zapsocsi" {rF+}
 10660 | D:8      | Killed a two-headed ogre
 10660 | D:8      | Reached ** piety under Sif Muna
 10737 | D:9      | Reached skill level 14 in Summonings
 11022 | D:9      | Noticed Maurice
 11369 | D:9      | Paralysed by a centaur for 3 turns
 11694 | D:9      | Killed Maurice
 12057 | D:10     | Entered Level 10 of the Dungeon
 12075 | D:9      | Reached skill level 15 in Summonings
 12143 | D:10     | Noticed a sun demon
 12468 | D:10     | Noticed Grum
 12479 | D:10     | Killed Grum
 12532 | D:10     | Reached skill level 16 in Summonings
 12662 | D:10     | Noticed a two-headed ogre
 12683 | D:10     | Noticed a two-headed ogre
 12806 | D:10     | Reached *** piety under Sif Muna
 12811 | D:10     | Reached XP level 12. HP: 93/95 MP: 7/20
 13349 | D:10     | Noticed a centaur warrior
 13358 | D:9      | Killed a centaur warrior
 13359 | D:9      | Reached skill level 17 in Summonings
 13482 | D:9      | Killed a two-headed ogre
 13575 | D:10     | Killed a two-headed ogre
 13890 | D:10     | Reached skill level 18 in Summonings
 14334 | D:10     | Noticed a two-headed ogre
 14341 | D:10     | Killed a two-headed ogre
 14402 | D:10     | Noticed an eight-headed hydra
 14414 | D:10     | Killed an eight-headed hydra
 14671 | D:10     | Found a glowing golden altar of the Shining One.
 14934 | D:11     | Noticed a boulder beetle
 14969 | D:11     | Killed a boulder beetle
 14996 | D:11     | Noticed a boulder beetle
 15005 | D:11     | Noticed a two-headed ogre
 15274 | D:11     | Reached **** piety under Sif Muna
 15318 | D:11     | Reached skill level 19 in Summonings
 15616 | D:11     | Noticed a two-headed ogre
 16104 | D:12     | Found a staircase to the Orcish Mines.
 16158 | D:12     | Reached skill level 10 in Fighting
 16672 | D:11     | Gained mutation: You can hop long distances. [Barachi
                  | growth]
 16672 | D:11     | Reached XP level 13. HP: 106/106 MP: 11/21
 17106 | D:11     | Found a hide-covered altar of Uskayaw.
 17868 | Lair:1   | Entered Level 1 of the Lair of Beasts
 18856 | Lair:1   | Reached ***** piety under Sif Muna
 19100 | Lair:1   | You fall into a shaft and drop 1 floor!
 19103 | Lair:2   | Found a staircase to the Shoals.
 19178 | Lair:2   | Received a gift from Sif Muna
 19189 | Lair:2   | Learned a level 6 spell: Summon Cactus Giant
 19469 | Lair:1   | Reached skill level 10 in Dodging
 20555 | Lair:2   | Found a hole to the Spider Nest.
 21182 | Lair:3   | Noticed Gastronok
 21197 | Lair:3   | Killed Gastronok
 21312 | Lair:3   | Reached XP level 14. HP: 110/118 MP: 3/22
 21727 | Lair:3   | Noticed Nergalle
 21743 | Lair:3   | Killed Nergalle
 21997 | Lair:3   | Noticed Nessos
 22027 | Lair:3   | Killed Nessos
 23062 | Lair:4   | Found a viscous altar of Jiyva.
 23063 | Lair:4   | Found a staircase to the Slime Pits.
 23488 | Lair:4   | Reached skill level 1 in Long Blades
 24230 | Lair:4   | Received a gift from Sif Muna
 24231 | Lair:4   | Reached skill level 5 in Long Blades
 24241 | Lair:4   | Learned a level 7 spell: Malign Gateway
 24363 | Lair:4   | Reached skill level 1 in Translocations
 24445 | Lair:4   | Found the +3 pair of mountain boots {steadfast, rC+}
 24450 | Lair:4   | Identified the +5 scimitar of the Scorned {distort, rElec
                  | rPois Dex-4 Stlth+}
 25010 | Lair:4   | Found a blossoming altar of Fedhas.
 25078 | Lair:4   | Reached skill level 5 in Translocations
 25358 | Lair:5   | Entered Level 5 of the Lair of Beasts
 25928 | Lair:5   | Reached XP level 15. HP: 87/123 MP: 15/28
 26771 | Lair:5   | Reached skill level 20 in Summonings
 27181 | Lair:5   | Received a gift from Sif Muna
 27183 | Lair:5   | Got Sif Muna's Spellbook of Called Incineration {god gift}
 29180 | Lair:5   | Reached skill level 21 in Summonings
 29463 | Lair:5   | Upgraded the game from 0.31-a0-626-g8143ab4f1d to
                  | 0.31-a0-631-g285b096dc4
 29555 | Lair:5   | Found a corrupted altar of Lugonu.
 29555 | Lair:5   | Found a one-way gate to the infinite horrors of the Abyss.
 29910 | Orc:1    | Entered Level 1 of the Orcish Mines
 30150 | Orc:1    | Received a gift from Sif Muna
 30255 | Orc:1    | Noticed an orc warlord
 30396 | D:12     | Killed an orc warlord
 30539 | Orc:1    | Got Sif Muna's Anthology of Coordinates {god gift}
 30730 | Orc:2    | Entered Level 2 of the Orcish Mines
 30847 | Orc:2    | Found a staircase to the Elven Halls.
 32125 | Orc:2    | Reached skill level 22 in Summonings
 32315 | Orc:2    | Found an ancient bone altar of Kikubaaqudgha.
 32389 | Orc:2    | Noticed Erolcha
 32409 | Orc:2    | Killed Erolcha
 32540 | Orc:2    | Found Kaaffait's Antique Weapon Boutique.
 32553 | Orc:2    | Found a radiant altar of Vehumet.
 32674 | Orc:2    | Found Saitipt's Distillery.
 32675 | Orc:2    | Found Qienwol's Book Boutique.
 32680 | Orc:2    | Found Saogots's Distillery.
 32862 | Orc:1    | Reached XP level 16. HP: 130/130 MP: 16/29
 33192 | D:13     | Noticed Frances
 33201 | D:13     | Killed Frances
 33201 | D:13     | Received a gift from Sif Muna
 33202 | D:13     | Reached skill level 10 in Spellcasting
 33212 | D:13     | Got Lepoykkoergh's Omnibus of the Quantum Swarm {god gift}
 33691 | D:13     | Found a gate to the Vaults.
 34041 | D:13     | Noticed Urug
 34051 | D:13     | Killed Urug
 34052 | D:13     | Reached skill level 1 in Shields
 34356 | D:13     | Noticed Sonja
 34370 | D:13     | Killed Sonja
 34708 | D:13     | Upgraded the game from 0.31-a0-631-g285b096dc4 to
                  | 0.31-a0-656-gb4d89c20fa
 34727 | D:14     | Found a gate leading to a gauntlet.
 34762 | Gauntlet | Entered a Gauntlet
 34762 | Gauntlet | Found a transporter.
 34762 | Gauntlet | Found a transporter.
 34762 | Gauntlet | Found a transporter.
 34763 | Gauntlet | Found a transporter.
 34767 | Gauntlet | Found a transporter.
 34767 | Gauntlet | Found a transporter.
 34769 | Gauntlet | Found a large runed translucent door.
 34770 | Gauntlet | Found a large runed translucent door.
 34771 | Gauntlet | Found a large runed translucent door.
 34771 | Gauntlet | Found a large runed translucent door.
 34771 | Gauntlet | Found a runed translucent door.
 34772 | Gauntlet | Found a large runed translucent door.
 34773 | Gauntlet | Found a large runed translucent door.
 34774 | Gauntlet | Found a large runed translucent door.
 34774 | Gauntlet | Found a large runed translucent door.
 34775 | Gauntlet | Found a runed translucent gate.
 34775 | Gauntlet | Found a runed translucent gate.
 34777 | Gauntlet | Found a transporter.
 34781 | Gauntlet | Found a transporter.
 34781 | Gauntlet | Found a transporter.
 34782 | Gauntlet | Found a transporter.
 34794 | Gauntlet | Found a transporter.
 34796 | Gauntlet | Found a transporter.
 34883 | Gauntlet | Found a large runed translucent door.
 34884 | Gauntlet | Found a large runed translucent door.
 34885 | Gauntlet | Found a large runed translucent door.
 34885 | Gauntlet | Found a large runed translucent door.
 34885 | Gauntlet | Found a runed translucent door.
 34886 | Gauntlet | Found a large runed translucent door.
 34887 | Gauntlet | Found a large runed translucent door.
 34888 | Gauntlet | Found a large runed translucent door.
 34888 | Gauntlet | Found a large runed translucent door.
 34889 | Gauntlet | Found a runed translucent gate.
 35413 | Gauntlet | Identified the +10 spear "Opuimah" {elec, *Rage Will+
                  | Str+2}
 35414 | Gauntlet | Got Dohidouf's Spellbook of Venom and Displacement
 35921 | D:14     | Reached skill level 5 in Shields
 36413 | D:15     | Entered Level 15 of the Dungeon
 36421 | D:15     | Found a radiant altar of Vehumet.
 36608 | D:15     | Noticed Louise
 36644 | D:15     | Killed Louise
 37649 | D:15     | Found a staircase to the Depths.
 37784 | D:15     | Reached skill level 10 in Long Blades
 37899 | D:15     | Received a gift from Sif Muna
 37900 | D:15     | Got Sif Muna's Disquisition on the Salvo and Translocation
                  | {god gift}
 38199 | Shoals:1 | Entered Level 1 of the Shoals
 38924 | Shoals:1 | Found Nuiw's Needful Niceties.
 39852 | Shoals:2 | Upgraded the game from 0.31-a0-656-gb4d89c20fa to
                  | 0.31-a0-662-g684573625c
 40007 | Shoals:2 | Noticed Polyphemus
 40026 | Shoals:2 | Killed Polyphemus
 40110 | Shoals:2 | Reached skill level 15 in Long Blades
 40903 | Shoals:2 | Reached XP level 17. HP: 136/136 MP: 25/32
 42360 | Shoals:1 | Reached skill level 23 in Summonings
 43022 | Spider:1 | Entered Level 1 of the Spider Nest
 43186 | Lair:2   | Learned a level 8 spell: Summon Horrible Things
 43352 | Spider:1 | Received a gift from Sif Muna
 43355 | Spider:1 | Upgraded the game from 0.31-a0-662-g684573625c to
                  | 0.31-a0-672-g7da72447bb
 43813 | Spider:1 | Reached skill level 24 in Summonings
 44139 | Spider:1 | Noticed Asterion
 44151 | Spider:1 | Killed Asterion
 45078 | Spider:1 | Received a gift from Sif Muna
 45146 | Spider:1 | Got Sif Muna's Thoughts on Ensnaring Blight {god gift}
 45452 | Spider:2 | Reached skill level 25 in Summonings
 45642 | Spider:2 | Reached XP level 18. HP: 143/143 MP: 25/33
 48012 | Spider:3 | Reached skill level 26 in Summonings
 48396 | Spider:3 | Identified the +1 sling "Supharpho" {antimagic, *Corrode
                  | Dex+3}
 48860 | Spider:4 | Entered Level 4 of the Spider Nest
 49311 | Spider:4 | Received a gift from Sif Muna
 49337 | Spider:4 | Got Sif Muna's Monograph on Septic Left-Handed Words {god
                  | gift}
 51028 | Spider:4 | Reached skill level 27 in Summonings
 51231 | Spider:4 | Learned a level 5 spell: Borgnjor's Vile Clutch
 52504 | Spider:4 | HP: 1/143 [something (12)]
 52784 | Spider:4 | Got a gossamer rune of Zot
 53190 | Elf:1    | Entered Level 1 of the Elven Halls
 53216 | Elf:1    | Received a gift from Sif Muna
 53327 | Elf:1    | Got Sif Muna's Practical Willworking {god gift}
 53579 | Elf:1    | Found a radiant altar of Vehumet.
 53883 | Elf:1    | Paralysed by an air elemental for 1 turns
 53885 | Elf:1    | Paralysed by an air elemental for 1 turns
 53891 | Elf:1    | Paralysed by an air elemental for 1 turns
 54069 | Elf:1    | Reached XP level 19. HP: 124/149 MP: 22/36
 54211 | Elf:1    | HP: 3/149 [something (17)]
 54211 | Elf:1    | Shot with an arrow by something

Illustrated notes

Levels and vault maps discovered:
D:1:      evilmike_arrival_rings, layout_loops_ring
D:2:      layout_loops_ring, uniq_sigmund
D:3:      layout_basic, hellmonk_ecumenical_altar_slurped_away, uniq_robin,
          uniq_natasha
D:4:      layout_rooms, serial_forest, infiniplex_forest_lined_room_2,
          infiniplex_forest_lined_corner, infiniplex_forest_3_way,
          infiniplex_forest_lined_4_way, infiniplex_forest_lined_room_2,
          infiniplex_forest_lined_3, infiniplex_forest_straight_2, serial_shops,
          nicolae_shop_gaudy_bauble, chequers_decorated_corner,
          minmay_misc_feat_alley
D:5:      lemuel_insect_pit, layout_rooms, minmay_temple_entry_tees,
          chequers_serial_rivers_micro_e, minmay_misc_feat_iff
D:6:      layout_basic, kennysheep_generic_room_10, uniq_menkaure,
          uniq_eustachio, uniq_maggie
D:7:      layout_loops_ring, fedhas_altar_1,
          nicolae_overflow_hallway_of_the_gods,
          amcnicky_mini_rare_corridor_liquid, grunt_decor_one_mirror
D:8:      nzn_winding_woodlands_three_and_one [nzn_winding_woodlands_5x15_eye,
          nzn_winding_woodlands_5x15_sawtooth, nzn_winding_woodlands_5x15_cabin,
          nzn_winding_woodlands_center_triple_pond], layout_basic,
          minmay_lair_entry_grove
D:9:      layout_cave_pools, uniq_maurice
D:10:     minmay_ornate_pinched, layout_rooms, kennysheep_little_box,
          serial_ice, serial_ice_g, serial_ice_j, serial_ice_b, serial_ice_o,
          serial_ice_a, serial_ice_c, serial_ice_d, serial_ice_h, uniq_grum
D:11:     layout_cave_pools, serial_column_ruins, column_ruins_hut_ruined,
          column_ruins_courtyard_long, column_ruins_grid_2,
          column_ruins_columns_dead_end, column_ruins_columns_straight,
          column_ruins_corridor_straight, column_ruins_open_large,
          column_ruins_corridor_straight, minivault_19, grunt_ministairs_8,
          nicolae_uskayaw_dance_hall
D:12:     layout_basic, erik_orc_4, chequers_serial_rivers_large_b
D:13:     layout_stronghold, skrybe_vaults_entry_preservation, uniq_frances,
          uniq_urug, uniq_sonja
D:14:     layout_loops_ring, gauntlet_entry_generic, chequers_garden
D:15:     hangedman_depths_entry_try_elsewhere_first, layout_long_grid,
          lemuel_tele_altar, uniq_louise
Temple:   hellmonk_temple_flake
Lair:1:   layout_cave_pods, grunt_forest_large_clearing_hut
Lair:2:   layout_chaotic_city, elwin_shoals_entry_rocks,
          spider_nest_entry_funnel_web, nicolae_lair_run_with_the_wolves,
          serial_bayou_shore_b
Lair:3:   layout_regular_city, beast_lair_carwin_4, uniq_nergalle,
          uniq_gastronok, uniq_nessos
Lair:4:   layout_loops_ring, minmay_slime_entry_pillars, hangedman_tree_tricks,
          st_stairs_8, nzn_random_ring, grunt_megastairs_4
Lair:5:   hellmonk_lair_end_abyssal_woods, layout_regular_city,
          nicolae_lair_liquid_snakes, serial_bayou_shore_a,
          infiniplex_staircase_pool_2, lemuel_fruit_tree
Shoals:1: layout_shoals, nicolae_alphabet_shops
Shoals:2: layout_shoals, hangedman_shoals_cup_caves, uniq_polyphemus
Spider:1: nicolae_spider_hilbert_zone_1 [nicolae_spider_hilbert_4_sides_1_open,
          nicolae_spider_hilbert_4_sides_1_open,
          nicolae_spider_hilbert_4_sides_1_open,
          nicolae_spider_hilbert_4_sides_1_open,
          nicolae_spider_hilbert_3_sides_1_open,
          nicolae_spider_hilbert_3_sides_1_open,
          nicolae_spider_hilbert_3_sides_1_open,
          nicolae_spider_hilbert_3_sides_1_open,
          nicolae_spider_hilbert_3_sides_1_open,
          nicolae_spider_hilbert_6_sides_1_open,
          nicolae_spider_hilbert_6_sides_1_open,
          nicolae_spider_hilbert_3_sides_1_open,
          nicolae_spider_hilbert_3_sides_1_open,
          nicolae_spider_hilbert_3_sides_1_open,
          nicolae_spider_hilbert_3_sides_1_open,
          nicolae_spider_hilbert_2_sides_1_open], nicolae_spider_wall_of_niches,
          uniq_asterion
Spider:2: layout_spider_delve, nicolae_spider_stair_cavern
Spider:3: layout_chambers
Spider:4: grunt_spider_rune_circles, nicolae_spider_webbed_stairs
Orc:1:    layout_caves
Orc:2:    kennysheep_orc_mage_school, layout_caves
Elf:1:    nicolae_elf_arrival_no_cutting_in_line, layout_gridlike, serial_shops,
          shop_statue, basic_altar, hangedman_corner_corridor
Elf:2:    elven_hall_of_blades_hangedman_alternative [nicolae_blade_tridents],
          layout_loops_cross, serial_shops, shop, minmay_shop_mayhem,
          uniq_donald, uniq_saint_roka

Skill      XL: |  1  2  3  4  5  6  7  8  9 10 11 12 13 14 15 16 17 18 |
---------------+-------------------------------------------------------+-----
Summonings     | 5 8 9 10 12 16 19 22 25 27 | 27.0
Spellcasting   | 5 9 11 13 | 13.4
Fighting       | 5 9 11 13 | 13.0
Armour         | 5 8 |  8.4
Dodging        | 7 12 | 12.0
Long Blades    | 5 15 | 15.3
Translocations | 8 9 |  9.1
Shields        | 5 |  5.0
Stealth        | |  1.7

Action                     |  1- 3 |  4- 6 |  7- 9 | 10-12 | 13-15 | 16-18 | 19-21 || total
---------------------------+-------+-------+-------+-------+-------+-------+-------++-------
  Melee: Unarmed           |    32 |       |       |       |       |       |       ||    32
         Punch             |     1 |     1 |     1 |     1 |    11 |     1 |       ||    16
         Short sword       |    63 |    57 |    54 |    42 |       |       |       ||   216
         Long sword        |       |       |       |    93 |   324 |       |       ||   417
         Falchion          |       |       |       |       |    66 |   364 |     2 ||   432
   Cast: Summon Small Mamm |    48 |    26 |    49 |    60 |    54 |    15 |       ||   252
         Call Imp          |     7 |     8 |    32 |    39 |    47 |    12 |       ||   145
         Call Canine Famil |     1 |    18 |    62 |   129 |   121 |    92 |     2 ||   425
         Summon Guardian G |       |       |    11 |    88 |    48 |    19 |       ||   166
         Summon Lightning  |       |       |     3 |    16 |    18 |    12 |       ||    49
         Summon Cactus Gia |       |       |       |       |   139 |   114 |     4 ||   257
         Malign Gateway    |       |       |       |       |    15 |    41 |       ||    56
         Summon Horrible T |       |       |       |       |       |   125 |     2 ||   127
 Invoke: Channel Magic     |       |       |       |       |       |     8 |       ||     8
Ability: Hop               |       |       |       |     5 |    11 |    17 |       ||    33
  Evoke: Wand              |       |       |       |       |     5 |     8 |       ||    13
    Use: Potion            |       |       |       |     2 |     1 |     9 |       ||    12
         Scroll            |       |       |       |       |       |    27 |     1 ||    28
   Stab: Sleeping          |     1 |       |     1 |     1 |       |       |       ||     3
         Distracted        |       |     2 |     3 |     1 |     7 |     4 |       ||    17
         Paralysed         |       |       |       |       |       |     8 |       ||     8
 Armour: Robe              |    40 |    15 |    20 |       |       |       |       ||    75
         Steam dragon scal |       |       |     7 |    11 |       |       |       ||    18
         Acid dragon scale |       |       |       |   133 |   102 |       |       ||   235
         Ring mail         |       |       |       |       |   238 |   565 |    21 ||   824
  Dodge: Dodged            |    88 |    44 |    51 |   256 |   602 |   400 |     1 ||  1442
  Block: Buckler           |       |       |       |       |       |   139 |       ||   139

Table legend: (Time is in decaauts)
 A = Elapsed time spent in this place.
 B = Non-inter-level travel time spent in this place.
 C = Inter-level travel time spent in this place.
 D = Time resting spent in this place.
 E = Time spent auto-exploring this place.
 F = Levels seen in this place.
 G = Mean time per level.
                   A        B        C        D        E       F      G
               +--------+--------+--------+--------+--------+-----+--------+
         Total |  58513 |  55994 |   2519 |   6003 |  39280 |  32 | 1828.5 |
       Dungeon |  24608 |  23263 |   1345 |   2594 |  16126 |  15 | 1640.5 |
        Temple |      1 |      0 |      1 |      0 |      0 |   1 |    1.0 |
          Lair |  13228 |  12595 |    633 |   1277 |   9195 |   5 | 2645.6 |
        Shoals |   5017 |   4906 |    111 |   1335 |   2459 |   2 | 2508.5 |
   Spider Nest |  10567 |  10341 |    226 |    353 |   8373 |   4 | 2641.8 |
  Orcish Mines |   3312 |   3114 |    198 |    145 |   2145 |   2 | 1656.0 |
   Elven Halls |   1048 |   1048 |      0 |     62 |    728 |   2 |  524.0 |
      Gauntlet |    728 |    728 |      0 |    236 |    251 |   1 |  728.0 |
               +--------+--------+--------+--------+--------+-----+--------+

Top non-repeatable levels by time:
Spider:4: 4314 daAuts
     D:8: 4003 daAuts
  Lair:5: 3792 daAuts
  Lair:4: 3264 daAuts
Shoals:2: 3053 daAuts
Spider:1: 2408 daAuts
   Orc:2: 2259 daAuts
     D:9: 2251 daAuts
  Lair:2: 2245 daAuts
  Lair:3: 2136 daAuts
    D:10: 2005 daAuts
Shoals:1: 1964 daAuts
Spider:3: 1940 daAuts
Spider:2: 1903 daAuts
  Lair:1: 1789 daAuts
